 Dungeon Crawl Stone Soup version 0.27-a0-773-gaaee5cf (webtiles) character file.

Game seed: 12169063892654443436

88 Minkie the Slasher (level 4, -4/40 HPs)
             Began as a Minotaur Gladiator on Mar 25, 2021.
             Killed by nerve-wracking pain
             ... invoked by Grinder
              (6 damage)
             ... on level 3 of the Dungeon.
             The game lasted 00:05:00 (2164 turns).

Minkie the Slasher (Minotaur Gladiator)             Turns: 2164, Time: 00:05:00

Health: -4/40      AC:  3    Str: 16 (19) XL:     4   Next: 29%
Magic:  3/3        EV: 12    Int:  4 (5)  God:
Gold:   121        SH:  0    Dex:  9 (12) Spells: 3/3 levels left

rFire    . . .     SeeInvis .   a - +0 long sword
rCold    . . .     Faith    .   (no shield)
rNeg     . . .     Spirit   .   b - +0 leather armour
rPois    .         Reflect  .   c - +0 hat
rElec    .         Harm     .   (no cloak)
rCorr    .         Rampage  .   (no gloves)
Will     .....                  (no boots)
Stlth    +.........             (no amulet)
HPRegen  0.13/turn              (no ring)
MPRegen  0.08/turn              (no ring)

@: no status effects
A: horns 2, retaliatory headbutt
a: no special abilities


You were on level 3 of the Dungeon.
You visited 1 branch of the dungeon, and saw 3 of its levels.

You collected 121 gold pieces.

Inventory:

Hand Weapons
 a - a +0 long sword (weapon)
Missiles
 d - 3 throwing nets (quivered)
Armour
 b - a +0 leather armour (worn)
 c - a +0 hat (worn)
Scrolls
 e - a scroll of enchant armour {unknown}
 f - a scroll of amnesia {unknown}
 g - 3 scrolls of identify {unknown}
 k - a scroll of blinking {unknown}
Potions
 i - a potion of curing {unknown}
 j - a potion of brilliance {unknown}
 l - a potion of flight {unknown}


   Skills:
 + Level 4.2 Fighting
 + Level 5.1 Long Blades
 - Level 2.0 Throwing
 - Level 3.2 Dodging


You had 3 spell levels left.
You didn't know any spells.
Your spell library was empty.

Dungeon Overview and Level Annotations

Branches:
Dungeon (3/15)

Altars:
Nemelex Xobeh
Ru
Trog
The Shining One

Annotations:
D:3 Grinder


Innate Abilities, Weirdness & Mutations

You have a pair of horns on your head.
You reflexively headbutt those who attack you in melee.


Message History

You slash Grinder!
Grinder is moderately wounded.
Grinder hits you.
You writhe in agony.
You barely miss Grinder.
Grinder is moderately wounded.
Grinder closely misses you. You furiously retaliate!
You headbutt Grinder, but do no damage.
You riposte.
You hit Grinder. Your headbutt misses Grinder.
Grinder is heavily wounded.
You closely miss Grinder. Your headbutt misses Grinder.
Grinder is heavily wounded.
Grinder closely misses you. You furiously retaliate!
You headbutt Grinder. You closely miss Grinder.
Grinder is heavily wounded.
Grinder barely misses you. Grinder hits you.
You writhe in agony.
* * * LOW HITPOINT WARNING * * *
You are too injured to fight recklessly!
You are too injured to fight recklessly!
You are too injured to fight recklessly!
You are too injured to fight recklessly!
You closely miss Grinder. You headbutt Grinder!
Grinder is severely wounded.
Grinder gestures at you.
You suddenly lose the ability to move!
Grinder blinks!
Grinder says, "Are you a fish?"
Grinder blinks!
You can move again.
Okay, then.
You start resting.
Grinder is nearby!
Grinder gestures at you. Pain shoots through your body!
* * * LOW HITPOINT WARNING * * *
It was a potion of degeneration.
There was something very wrong with that liquid.
You feel weakened.
You feel dopey.
You feel clumsy. Grinder gestures at you. Pain shoots through your body!
You die...

#..#########
#..#...(...#
#..'.....).#
#.##.......#
#.##...5...####
..####'##.....#
#### #.##.....#
.#######.##.....#
.......@.########
##########


You could see Grinder.

Vanquished Creatures
  A hound (D:2)
  An adder (D:2)
  A worm (D:2)
  4 endoplasms
  A giant cockroach (D:1)
  4 goblins (D:1)
  3 hobgoblins
  7 jackals (D:1)
  A quokka (D:1)
  6 ball pythons
  4 bats
  2 frilled lizards
  A kobold (D:1)
  9 rats
45 creatures vanquished.

Vanquished Creatures (others)
  2 plants (D:1)
2 creatures vanquished.

Grand Total: 47 creatures vanquished

Notes
Turn   | Place    | Note
-------+----------+-------------------------------------------
     0 | D:1      | Minkie the Minotaur Gladiator began the quest for the Orb.
     0 | D:1      | Reached XP level 1. HP: 18/18 MP: 0/0
    33 | D:1      | Reached skill level 4 in Long Blades
    35 | D:1      | Reached XP level 2. HP: 16/26 MP: 1/1
   612 | D:1      | Reached XP level 3. HP: 31/31 MP: 2/2
  1203 | D:2      | Noticed a moth of wrath
  1206 | D:2      | Found a bloodstained altar of Trog.
  1571 | D:2      | Found a sparkling altar of Nemelex Xobeh.
  1632 | D:2      | Reached skill level 5 in Long Blades
  1632 | D:2      | Reached XP level 4. HP: 26/40 MP: 3/3
  1754 | D:2      | Found a glowing golden altar of the Shining One.
  2070 | D:2      | Found a sacrificial altar of Ru.
  2141 | D:3      | Noticed Grinder
  2156 | D:3      | Paralysed by Grinder for 5 turns
  2163 | D:3      | HP: 2/40 [Grinder/nerve-wracking pain (10)]
  2164 | D:3      | Killed from afar by Grinder

Illustrated notes

Levels and vault maps discovered:
D:1:      lemuel_arrival_broad_hall, layout_loops_ring, serial_bayou_lagoon_a
D:2:      layout_rooms, general_overflow_altar, nicolae_ru_path_of_blood,
          nemelex_altar_shiori, serial_forest, infiniplex_forest_end_3,
          infiniplex_forest_lined_4_way, infiniplex_forest_clump_diagonal,
          infiniplex_forest_lined_3, infiniplex_forest_lined_room_, tgw_trog
D:3:      mumra_celtic_spiral_tile, layout_basic, serial_shops, shop,
          gammafunk_ghost_smash, dk_noncrumbling_3, minmay_misc_feat_pillars,
          uniq_grinder, uniq_terence, uniq_sigmund

Skill      XL: |  1  2  3 |
---------------+----------+-----
Long Blades    | 4 5 |  5.1
Fighting       | 3 4 |  4.2
Throwing       | |  2.0
Dodging        | |  3.2

Action                   |  1- 3 |  4- 6 || total
-------------------------+-------+-------++-------
Melee: Long sword        |    66 |    12 ||    78
       Headbutt          |    11 |     1 ||    12
  Use: Potion            |       |     1 ||     1
Armor: Leather armour    |    19 |     1 ||    20
Dodge: Dodged            |    37 |     5 ||    42
       Rpst.: Long sword |    11 |     1 ||    12

Table legend: (Time is in decaauts)
 A = Elapsed time spent in this place.
 B = Non-inter-level travel time spent in this place.
 C = Inter-level travel time spent in this place.
 D = Time resting spent in this place.
 E = Time spent auto-exploring this place.
 F = Levels seen in this place.
 G = Mean time per level.
                   A        B        C        D        E       F      G
               +--------+--------+--------+--------+--------+-----+--------+
         Total |   2190 |   2100 |     90 |    322 |   1501 |   3 |  730.0 |
       Dungeon |   2190 |   2100 |     90 |    322 |   1501 |   3 |  730.0 |
               +--------+--------+--------+--------+--------+-----+--------+

Top non-repeatable levels by time:
     D:1: 1141 daAuts
     D:2: 995 daAuts
     D:3: 52 daAuts
